 Dungeon Crawl Stone Soup version 0.16-a0-3714-geb26cbe (console) character file.

28677 mauris the Basher (level 13, -42/98 HPs)
             Began as a Demonspawn Gladiator on Jan 20, 2015.
             Was a High Priest of Makhleb.
             Annihilated by Rupert
             ... wielding a +3 great mace of holy wrath
              (43 damage)
             ... on level 3 of the Lair of Beasts.
             The game lasted 01:49:39 (18921 turns).

mauris the Basher (Demonspawn Gladiator)           Turns: 18921, Time: 01:49:39

Health: -42/98     AC: 22    Str: 16    XL:     13   Next: 11%
Magic:  0/27       EV: 13    Int: 12    God:    Makhleb [*****.]
Gold:   765        SH:  0    Dex: 14    Spells: 1 memorised, 10 levels left

rFire  + + .     SeeInvis +     U - +6 dark maul {crush}
rCold  + . .     Clarity  .     Y - +2 fire dragon armour
rNeg   . . .     SustAb   .     (no shield)
rPois  .         Gourm    .     Z - +2 hat {MR+}
rElec  .         Spirit   +     (no cloak)
rCorr  .         Warding  .     x - +2 pair of gloves
rMut   .         Stasis   .     (no boots)
MR     +....                    l - amulet of regeneration
Stlth  ..........               s - ring of see invisible
                                n - ring of protection from cold

@: somewhat resistant to hostile enchantments, extremely unstealthy
A: claws 1, horns 1, rough black scales 2, cold resistance 1, magic shield,
freezing cloud immunity
a: Minor Destruction, Lesser Servant of Makhleb, Major Destruction, Greater
Servant of Makhleb, Renounce Religion


You were on level 3 of the Lair of Beasts.
You worshipped Makhleb.
Makhleb was extremely pleased with you.
You were hungry.

You visited 4 branches of the dungeon, and saw 16 of its levels.
You visited the Abyss 1 time.
You also visited: Ossuary and Ice Cave.

You collected 989 gold pieces.
You spent 224 gold pieces at shops.

Inventory:

Hand weapons
 a - a +1 dagger of venom
 b - a +0 blowgun {@w1}
 S - a +0 whip of pain
 T - a +2 flail of protection
 U - the +6 dark maul (weapon) {crush}
   (You acquired it on level 1 of the Lair of Beasts)

   It inflicts extra damage upon your enemies.
Missiles
 e - 10 exploding tomahawks (quivered) {mauris}
 h - 13 curare-tipped needles {!f}
 r - 415 stones
 u - 42 poisoned needles
Armour
 x - a +2 pair of gloves (worn)
 N - a +2 robe of resistance
 Y - a +2 fire dragon armour (worn)
 Z - a +2 hat of magic resistance (worn)
Jewellery
 l - an amulet of regeneration (around neck)
 n - a ring of protection from cold (left hand)
 s - a ring of see invisible (right hand)
 E - an uncursed ring of flight
 L - an uncursed amulet of warding
Magical devices
 d - a wand of fireball (4)
 o - a wand of heal wounds (6) {!d@v2}
 w - a wand of paralysis (9)
 y - a wand of teleportation (5) {!d@v4}
 B - a wand of teleportation (2) {!d@v4}
 C - a wand of confusion (23)
 P - a wand of teleportation (3) {!d@v4}
 Q - a wand of random effects (25)
Scrolls
 g - 2 scrolls of teleportation {@r4}
 m - a scroll of magic mapping
 G - 2 scrolls of recharging
 H - 2 scrolls of blinking
 I - 6 scrolls of remove curse
 V - a scroll of enchant armour
 W - 4 scrolls of identify {@r1}
Potions
 i - 4 potions of restore abilities
 k - 3 potions of cure mutation
 q - 3 potions of ambrosia {!q}
 t - a potion of berserk rage {!q}
 v - a potion of flight
 z - a potion of invisibility
 A - 2 potions of mutation {!q}
 D - 2 potions of agility
 F - 2 potions of lignification {!q}
 K - 2 potions of might
 O - 4 potions of brilliance
 R - a potion of beneficial mutation
 X - a potion of heal wounds {@q2}
Comestibles
 f - 11 bread rations
 j - a royal jelly
 p - 9 meat rations
 M - 7 beef jerkies


   Skills:
 - Level 7.8 Fighting
 - Level 3.2 Short Blades
 + Level 14.5 Maces & Flails
 - Level 1.7 Throwing
 - Level 9.6 Dodging
 - Level 3.1 Transmutations
 - Level 10.1 Invocations


You had 10 spell levels left.
You knew the following spells:

 Your Spells              Type           Power        Failure   Level  Hunger
a - Stoneskin             Trmt/Erth      #.......     96%         2    ###....


Dungeon Overview and Level Annotations

Branches:
Dungeon (11/15)            Temple (1/1) D:6            Lair (3/8) D:9
    Orc (1/4) D:9
  Swamp: Lair:3-6    Shoals: Lair:3-6     Snake: Lair:3-6    Spider: Lair:3-6

Altars:
Cheibriados
Dithmenos
Elyvilon
Fedhas
Gozag
Kikubaaqudgha
Makhleb
Okawaru
Ru
Sif Muna
Trog
Vehumet
Zin
The Shining One

Shops:
D:4 (

Annotations:
D:11 Nergalle
Lair:3 Rupert
Orc:1 Prince Ribbit


Innate Abilities, Weirdness & Mutations

You have a pair of small horns on your head.
You are mostly covered in rough black scales (AC +7, Dex -2).
Your flesh is cold resistant.
When hurt, damage is shared between your health and your magic reserves.
You are immune to freezing clouds.
You have sharp fingernails.


Message History

Rupert resists with almost no effort.
Rupert closely misses your neqoxec.
Your ynoxinul hits Rupert but does no damage.
Your neqoxec hits Rupert.
Unknown command.
You bludgeon Rupert!! You headbutt Rupert.
Rupert is severely wounded.
Rupert hits you with a great mace of holy wrath!!
* * * LOW HITPOINT WARNING * * *
You convulse!!
* * * LOW HITPOINT WARNING * * *
Your ynoxinul gestures at Rupert.
The iron shot hits Rupert.
Your neqoxec hits Rupert.
Rupert hits your neqoxec with a great mace of holy wrath!!
Your neqoxec convulses!
Your neqoxec dies!
Your ynoxinul gestures.
Rupert hits you with a great mace of holy wrath!!
* * * LOW HITPOINT WARNING * * *
You convulse!!!
You die...

# #.. #.. ... #... ...
#P..# ##### P.#
##..5##...########.#
##.....3......##....##
#....5@1..:...#......##
#................##....#
#...............#....##
#.............#.......#
##..........###..#.<..##
###.......###..#.....P#
.#.......##..........
..........#..........
............#..7777#


You could see Rupert (berserk), a friendly ynoxinul and 2 friendly ufetubi.

Vanquished Creatures
  Gastronok (Lair:3)
  Erica (Lair:3)
  A death yak (Lair:2)
  A tengu warrior (D:10)
  An ice devil (IceCv)
  A hill giant (D:10)
  4 ice statues (IceCv)
  A wizard (D:10)
  A necromancer (IceCv)
  3 black mambas
  The ghost of Ybris the Covert, an experienced OpAs (D:7)
  Joseph (Lair:1)
  An orange demon (Abyss:1)
  4 spiny frogs
  The ghost of Meriados the Insei, an experienced OpTm (D:5)
  4 komodo dragons
  A tengu conjurer (D:9)
  7 blue devils (IceCv)
  The ghost of Vidiiot the Ruffian, an average TrAs of Ru (D:8)
  A troll (D:8)
  A polar bear (Lair:2)
  3 ravens
  A baby alligator (Lair:3)
  A ynoxinul (Abyss:2)
  Eustachio (D:5)
  27 yaks
  2 hungry ghosts (D:9)
  3 wolves (Lair:1)
  Edmund (D:5)
  7 hippogriffs
  4 orc warriors
  3 porcupines (Lair:2)
  13 ice beasts
  4 water moccasins
  3 black bears
  4 sky beasts
  A wasp (D:9)
  4 phantoms
  A centaur (D:9)
  4 crocodiles
  The ghost of Ybris the Sneak, an average OpAs (D:3)
  2 elf zombies (Ossuary)
  8 ogres
  2 big kobolds (D:9)
  A gnoll sergeant (D:8)
  6 giant frogs
  A small abomination (Abyss:2)
  4 scorpions
  3 killer bees (D:8)
  10 wights
  2 crimson imps (D:5)
  A giant frog zombie (D:8)
  3 goliath beetles
  6 hounds
  2 centaur zombies
  3 jellies
  A wasp zombie (D:6)
  2 centaur skeletons
  4 draconian simulacra (IceCv)
  6 iguanas
  4 orc priests
  9 orc wizards
  A quasit (D:10)
  2 giant frog skeletons
  A spriggan simulacrum (IceCv)
  A troll simulacrum (IceCv)
  6 worker ants
  8 ogre zombies (D:9)
  A big kobold zombie (Ossuary)
  Ijyb (D:4)
  A hound zombie (D:8)
  5 mummies
  A worker ant zombie (D:8)
  6 gnolls
  12 adders
  An ogre simulacrum (IceCv)
  15 river rats
  A shadow imp (D:5)
  3 naga simulacra (IceCv)
  3 giant mites
  7 white imps (Lair:2)
  2 worms
  3 giant geckos
  2 oozes
  49 orcs
  3 ball pythons
  15 bats
  6 giant cockroaches
  3 gnoll zombies (Ossuary)
  15 hobgoblins
  28 kobolds
  13 quokkas
  A ball python zombie (D:5)
  11 giant newts
  A giant spore (D:7)
  13 goblins
  A goblin skeleton (D:9)
  3 goblin zombies (D:9)
  2 hobgoblin skeletons (D:9)
  4 hobgoblin zombies
  15 jackals
  A jackal skeleton (D:6)
  A jackal zombie (Ossuary)
  2 kobold zombies (Ossuary)
  17 orc zombies
  A quokka skeleton (D:5)
  2 quokka zombies (D:6)
  18 rats
  2 rat zombies (Ossuary)
  16 ballistomycetes
532 creatures vanquished.

Vanquished Creatures (collateral kills)
  2 hydras
  A wizard (Abyss:2)
  A smoke demon (Abyss:2)
  An orange demon (D:9)
  A troll (D:11)
  A yak (D:9)
  A small abomination (Abyss:2)
  2 orc warriors
  An ogre (Orc:1)
  A crocodile (D:9)
  A crimson imp (D:10)
  2 orc priests
  5 white imps (Lair:2)
  An orc (D:9)
21 creatures vanquished.

Vanquished Creatures (others)
  2 smoke demons
  A hellwing (D:9)
  3 neqoxecs
  A crimson imp (D:11)
  A hound (D:9)
  3 ufetubi
  2 kobolds (D:9)
  4 giant spores
  A fungus (Lair:3)
18 creatures vanquished.

Grand Total: 571 creatures vanquished

Notes
Turn   | Place    | Note
--------------------------------------------------------------
     0 | D:1      | mauris, the Demonspawn Gladiator, began the quest for the Orb.
     0 | D:1      | Reached XP level 1. HP: 16/16 MP: 1/1
   134 | D:1      | Reached skill level 3 in Maces & Flails
   265 | D:1      | Gained mutation: You are partially covered in rough black scales (AC +4, Dex -1). [demonic ancestry]
   265 | D:1      | Reached XP level 2. HP: 20/22 MP: 2/2
   956 | D:2      | Gained mutation: Your flesh is cold resistant. [demonic ancestry]
   956 | D:2      | Reached XP level 3. HP: 9/27 MP: 3/3
  1193 | D:2      | Reached skill level 4 in Maces & Flails
  2021 | D:2      | Gained mutation: You have a pair of small horns on your head. [demonic ancestry]
  2021 | D:2      | Reached XP level 4. HP: 20/33 MP: 4/4
  2080 | D:2      | Found a sacrificial altar of Ru.
  2524 | D:3      | Noticed Ybris' ghost (average OpAs)
  2832 | D:3      | Killed Ybris' ghost
  2832 | D:3      | Gained mutation: You are mostly covered in rough black scales (AC +7, Dex -2). [demonic ancestry]
  2832 | D:3      | Reached XP level 5. HP: 36/38 MP: 5/5
  3451 | D:4      | Found Skaplah's Antique Weapon Emporium.
  3562 | D:4      | Bought a runed mace for 75 gold pieces
  3590 | D:4      | Noticed a water moccasin
  3591 | D:4      | hi...
  3599 | D:4      | Killed a water moccasin
  3599 | D:4      | Reached skill level 5 in Maces & Flails
  3599 | D:4      | Gained mutation: When hurt, damage is shared between your health and your magic reserves. [demonic ancestry]
  3599 | D:4      | Reached XP level 6. HP: 44/44 MP: 6/6
  4058 | D:4      | Noticed Ijyb
  4077 | D:4      | Killed Ijyb
  4384 | D:5      | Entered Level 5 of the Dungeon
  4398 | D:5      | Noticed Meriados' ghost (experienced OpTm)
  4408 | D:5      | Reached skill level 6 in Maces & Flails
  4412 | D:5      | Killed Meriados' ghost
  4412 | D:5      | Reached skill level 7 in Maces & Flails
  4412 | D:5      | Reached XP level 7. HP: 21/50 MP: 3/7
  4635 | D:5      | Found a shadowy altar of Dithmenos.
  4839 | D:5      | Noticed Eustachio
  4903 | D:5      | Killed Eustachio
  4903 | D:5      | Reached skill level 8 in Maces & Flails
  4903 | D:5      | Reached XP level 8. HP: 44/56 MP: 8/8
  5081 | D:5      | Noticed Edmund
  5092 | D:5      | Killed Edmund
  5551 | D:6      | Found a staircase to the Ecumenical Temple.
  5578 | Temple   | Entered the Ecumenical Temple
  5625 | Temple   | Became a worshipper of Makhleb the Destroyer
  6044 | D:6      | hi
  6447 | D:6      | Reached skill level 5 in Dodging
  6612 | D:6      | Gained mutation: You have sharp fingernails. [potion of beneficial mutation]
  6901 | D:7      | Found a sand-covered staircase.
  6907 | Ossuary  | Entered an ossuary
  6954 | Ossuary  | Acquired Makhleb's first power
  7573 | D:7      | Reached XP level 9. HP: 61/61 MP: 9/9
  7681 | D:7      | Noticed Ybris' ghost (experienced OpAs)
  7921 | D:7      | Acquired Makhleb's second power
  8429 | D:8      | Noticed Vidiiot's ghost (average TrAs)
  8603 | D:8      | Killed Vidiiot's ghost
  8603 | D:8      | Reached skill level 9 in Dodging
  8937 | D:8      | Reached skill level 1 in Invocations
  9363 | D:9      | Found a staircase to the Lair.
  9391 | Lair:1   | Entered Level 1 of the Lair of Beasts
  9393 | Lair:1   | Noticed Joseph
  9400 | D:9      | Acquired Makhleb's third power
  9623 | D:9      | Reached XP level 10. HP: 67/67 MP: 15/15
  9728 | D:10     | Entered Level 10 of the Dungeon
 10258 | D:9      | Reached skill level 10 in Maces & Flails
 10474 | D:9      | Acquired Makhleb's fourth power
 10744 | D:9      | Found a staircase to the Orcish Mines.
 11210 | D:9      | Reached skill level 5 in Invocations
 11779 | Orc:1    | Entered Level 1 of the Orcish Mines
 12123 | Orc:1    | Noticed Prince Ribbit
 12341 | D:10     | Noticed a tengu warrior
 12567 | D:10     | Reached skill level 10 in Invocations
 12731 | D:10     | Reached XP level 11. HP: 46/72 MP: 17/25
 12915 | D:10     | Learned a level 2 spell: Stoneskin
 13031 | D:10     | Reached skill level 1 in Transmutations
 13145 | D:10     | Killed a tengu warrior
 13461 | D:10     | Noticed a wizard
 13469 | D:10     | hi
 13474 | D:10     | Cast into the Abyss (a wizard)
 13551 | Abyss:2  | Found a corrupted altar of Lugonu.
 13566 | Abyss:2  | Noticed a hell hog
 13566 | Abyss:2  | Noticed a starcursed mass
 13620 | Abyss:2  | Found a corrupted altar of Lugonu.
 13691 | Abyss:2  | Noticed a rakshasa
 13770 | D:10     | Escaped the Abyss
 13779 | D:10     | Killed a wizard
 14161 | D:9      | Reached skill level 11 in Maces & Flails
 14761 | D:11     | rip abyss hat
 14782 | D:11     | Acquired Makhleb's fifth power
 14911 | D:11     | Noticed an unseen horror
 14928 | D:11     | Noticed Nergalle
 14935 | D:11     | Noticed a hill giant
 15115 | D:10     | Noticed a hill giant
 15135 | D:10     | Killed a hill giant
 15224 | D:11     | Noticed a five-headed hydra
 15238 | D:11     | Killed a five-headed hydra
 15238 | D:11     | Reached skill level 5 in Fighting
 15557 | D:4      | Bought a runed whip for 62 gold pieces
 15558 | D:4      | Bought a glowing flail for 87 gold pieces
 15698 | D:7      | Killed Ybris' ghost
 15832 | Lair:1   | Killed Joseph
 15893 | Lair:1   | Noticed a spiny frog
 15907 | Lair:1   | Killed a spiny frog
 15996 | Lair:1   | Noticed a black mamba
 16012 | Lair:1   | Killed a black mamba
 16182 | Lair:1   | Identified a scroll of acquirement
 16288 | Lair:1   | Reached XP level 12. HP: 92/92 MP: 24/25
 16740 | Lair:2   | Found a frozen archway.
 16775 | IceCv    | Entered an ice cave
 16798 | IceCv    | Reached skill level 12 in Maces & Flails
 17331 | Lair:2   | Reached skill level 13 in Maces & Flails
 17750 | Lair:2   | hi everyone
 17948 | Lair:2   | Got a pitted hat
 17959 | Lair:2   | Identified the +4 hat of Curiosity {-Tele rPois+ rC+ MR- Int+3 SInv} (You found it on level 2 of the Lair of Beasts)
 18324 | Lair:3   | Noticed Gastronok
 18384 | Lair:3   | Killed Gastronok
 18394 | Lair:3   | Reached skill level 14 in Maces & Flails
 18570 | Lair:3   | Gained mutation: You are immune to freezing clouds. [demonic ancestry]
 18570 | Lair:3   | Reached XP level 13. HP: 91/98 MP: 20/27
 18604 | Lair:3   | Noticed Erica
 18612 | Lair:3   | Killed Erica
 18730 | Lair:3   | Noticed an eight-headed hydra
 18812 | Lair:3   | Killed an eight-headed hydra
 18914 | Lair:3   | Noticed Rupert
 18921 | Lair:3   | HP: 1/98 [Rupert/great mace of holy wrath (24)]
 18921 | Lair:3   | Annihilated by Rupert

Action                   |  1- 3 |  4- 6 |  7- 9 | 10-12 | 13-15 || total
-------------------------+-------+-------+-------+-------+-------++-------
Melee: Flail             |    58 |       |       |   127 |       ||   185
       Short sword       |   140 |    77 |       |       |       ||   217
       Dagger            |       |    95 |       |       |       ||    95
       Mace              |       |    78 |   710 |  1038 |       ||  1826
       Maul              |       |       |       |   196 |    21 ||   217
 Fire: Blowgun           |       |       |       |     8 |       ||     8
Throw: Throwing net      |     7 |     3 |     1 |     2 |       ||    13
       Stone             |       |     8 |    24 |     7 |       ||    39
 Cast: Stoneskin         |       |       |       |     3 |       ||     3
Invok: Minor Destruction |       |       |       |     6 |       ||     6
       Lesser Servant of |       |       |       |    14 |     4 ||    18
       Major Destruction |       |       |       |     2 |       ||     2
Evoke: Wand              |       |     1 |     2 |    12 |       ||    15
  Use: Scroll            |     4 |     7 |     8 |    24 |       ||    43
       Potion            |       |     1 |     2 |     5 |       ||     8
 Stab: Held in net/web   |     2 |     1 |     2 |       |       ||     5
       Sleeping          |       |     1 |       |     3 |       ||     4
       Confused          |       |       |     2 |       |       ||     2
       Distracted        |       |       |       |     2 |       ||     2
  Eat: Chunk             |     3 |     9 |    16 |    31 |     2 ||    61
       Pizza             |       |       |     1 |       |       ||     1
       Royal jelly       |       |       |       |     2 |       ||     2
       Fruit             |       |       |       |     1 |       ||     1

Vault maps used:
D:1:      lightli_arrival_quake
D:2:      nicolae_overflow_hidden_temple
D:4:      wad_lake_hut, first_bread, serial_shops, shop_statue,
          kennysheep_generic_room_7, uniq_iyjb
D:5:      basic_altar, moated_statue, eino_tiny_chamber, uniq_eustachio,
          uniq_edmund
D:6:      minmay_temple_entry_junction2, moated_statue
D:7:      nicolae_ossuary_entry_plus
D:9:      lair_0_dummy, zombieorc2_lemuel, grunt_ogre_cave
D:10:     minmay_misc_feat_rugged, lightli_wizard_tower
D:11:     minmay_unpleasant_kobolds, uniq_nergalle
Temple:   grunt_circular_temple_18
Lair:1:   beast_lair_carwin_9, uniq_joseph
Lair:2:   portal_ice_cave_entry_imps
Lair:3:   minmay_swamp_entry_reptiles, roderic_ravens_nest, uniq_erica,
          uniq_gastronok, uniq_rupert
Orc:1:    uniq_prince_ribbit1
Abyss:2:  patterned_corridor
Ossuary:  ossuary_minmay_tomb_2a
IceCv:    ice_cave_tombish
